 Dungeon Crawl Stone Soup version 0.22-a0-538-g76cc104 (webtiles) character file.

162 kae the Insei (level 5, -3/37 HPs)
             Began as a Demonspawn Transmuter on June 23, 2018.
             Was an Initiate of Okawaru.
             Slain by a sky beast (5 damage)
             ... on level 4 of the Dungeon.
             The game lasted 00:05:38 (4256 turns).

kae the Insei (Demonspawn Transmuter)               Turns: 4256, Time: 00:05:39

Health: -3/37      AC:  2    Str: 11    XL:     5   Next: 19%
Magic:  0/8        EV: 20    Int: 14    God:    Okawaru [......]
Gold:   155        SH:  0    Dex: 19    Spells: 2/8 levels left

rFire    . . .     SeeInvis .     - Unarmed
rCold    . . .     Gourm    .   (shield currently unavailable)
rNeg     . . .     Faith    .   (armour currently unavailable)
rPois    x         Spirit   +   (helmet currently unavailable)
rElec    .         Reflect  .   (cloak currently unavailable)
rCorr    .         Harm     .   (gloves currently unavailable)
MR       .....                  (boots currently unavailable)
Stlth    ++........             h - amulet of the acrobat
HPRegen  0.12/turn              j - +1 ring of evasion
MPRegen  0.11/turn              (no ring)

@: spider-form (expiring)
A: tiny, magic shield
a: End Transformation, Renounce Religion


You were on level 4 of the Dungeon.
You worshipped Okawaru.
Okawaru was noncommittal.
You were not hungry.
You were a venomous arachnid creature.
You visited 2 branches of the dungeon, and saw 5 of its levels.

You collected 155 gold pieces.

Inventory:

Missiles
 a - 72 arrows
Armour
 l - a +0 leather armour (melded)
 o - a +0 ring mail
Jewellery
 h - an amulet of the acrobat (around neck)
 j - a +1 ring of evasion (left front leg)
Wands
 b - a wand of random effects (27)
 p - a wand of acid (4)
Scrolls
 e - 2 scrolls of identify
 f - 3 scrolls of remove curse
 i - a scroll of magic mapping
 k - 3 scrolls of teleportation
Potions
 c - 3 potions of curing
 g - 2 potions of brilliance {unknown}
 m - a potion of lignification
 n - a potion of degeneration
Comestibles
 d - 2 rations


   Skills:
 - Level 1.0 Fighting
 - Level 1.7 Dodging
 * Level 4.6 Unarmed Combat
 + Level 2.1 Spellcasting
 + Level 3.0 Transmutations
 + Level 0.7 Invocations


You had 2 spell levels left.
You knew the following spells:

 Your Spells              Type           Power        Failure   Level  Hunger
a - Beastly Appendage     Tmut           ##....       19%         1    ##.....
b - Sticks to Snakes      Tmut           ##......     24%         2    ###....
c - Spider Form           Tmut/Pois      #.........   58%         3    ####...

Your spell library contained the following spells:

 Spells                   Type           Power        Failure   Level  Hunger
 Blade Hands              Tmut           ##........   96%         5    ######.
 Ice Form                 Ice/Tmut       #.......     90%         4    #####..


Dungeon Overview and Level Annotations

Branches:
Dungeon (4/15)             Temple (1/1) D:4

Altars:
Ashenzari
Cheibriados
Dithmenos
Elyvilon
Fedhas
Hepliaklqana
Kikubaaqudgha
Makhleb
Nemelex Xobeh
Okawaru
Qazlal
Ru
Trog
Uskayaw
Vehumet
Wu Jian
Xom
Zin
The Shining One


Innate Abilities, Weirdness & Mutations

((You have sharp fingernails.))
When hurt, damage is shared between your health and your magic reserves.
((Your movements are slightly less encumbered by armour. (ER -2)))


Message History

Casting: Beastly Appendage (safe; 7% risk of failure)
Confirm with . or Enter, or press ? or * to list all spells.
Your horns disappear.
You turn into a venomous arachnid creature.
Your +0 leather armour melds into your body.
You barely miss something. Something hits you. Something shocks you.
You closely miss something.
Your transformation is almost over.
You closely miss something. Something hits you. Something shocks you.
You miss something. Something closely misses you.
You barely miss something. Something hits you. Something shocks you.
* * * LOW HITPOINT WARNING * * *
You miss something. Something hits you.
* * * LOW HITPOINT WARNING * * *
Something shocks you.
* * * LOW HITPOINT WARNING * * *
You closely miss something. Something hits you.
* * * LOW HITPOINT WARNING * * *
Something shocks you.
You die...

. ##....### ##.# ## .
###..# . ##.#..#### .
#........## .
###........... .
#............. . ##
#.##.......... .
##...###{##..........
.
#...?.≈s≈≈≈#.........
.
.......≈.≈≈##........
# ......≈≈_≈≈#
....... #
.......≈≈.≈# .#.....
......≈≈.≈≈# .##...
.......##### ##.
....... ......?


There were no monsters in sight!

Vanquished Creatures
  A howler monkey (D:4)
  Ijyb (D:3)
  3 adders
  2 oozes
  A worm (D:3)
  3 dart slugs
  3 giant cockroaches
  7 goblins
  11 hobgoblins
  4 jackals (D:3)
  4 kobolds
  A quokka (D:3)
  A ball python (D:2)
  4 bats
  A frilled lizard (D:1)
  4 rats (D:1)
51 creatures vanquished.

Vanquished Creatures (collateral kills)
  2 worms (D:2)
  A ball python (D:2)
3 creatures vanquished.

Grand Total: 54 creatures vanquished

Notes
Turn   | Place    | Note
-------+----------+-------------------------------------------
     0 | D:1      | kae the Demonspawn Transmuter began the quest for the Orb.
     0 | D:1      | Reached XP level 1. HP: 15/15 MP: 3/3
   104 | D:1      | Reached skill level 3 in Unarmed Combat
   344 | D:1      | Gained mutation: Your movements are slightly less encumbered by armour. (ER -2) [demonic ancestry]
   344 | D:1      | Reached XP level 2. HP: 21/21 MP: 5/5
  1154 | D:1      | Learned a level 2 spell: Sticks to Snakes
  1203 | D:2      | Reached XP level 3. HP: 26/26 MP: 3/6
  2208 | D:3      | Found a sacrificial altar of Ru.
  2208 | D:3      | Found a glowing golden altar of the Shining One.
  2288 | D:3      | Reached skill level 4 in Unarmed Combat
  2634 | D:3      | Gained mutation: When hurt, damage is shared between your health and your magic reserves. [demonic ancestry]
  2634 | D:3      | Reached XP level 4. HP: 32/32 MP: 7/7
  2982 | D:3      | Learned a level 3 spell: Spider Form
  3077 | D:3      | Noticed Ijyb
  3086 | D:3      | Killed Ijyb
  3875 | D:4      | Found a staircase to the Ecumenical Temple.
  3890 | Temple   | Entered the Ecumenical Temple
  4034 | Temple   | Became a worshipper of Warmaster Okawaru
  4173 | D:4      | Found a burning altar of Makhleb.
  4236 | D:4      | Found a blossoming altar of Fedhas.
  4238 | D:4      | Noticed a sky beast
  4242 | D:4      | Gained mutation: You have sharp fingernails. [demonic ancestry]
  4242 | D:4      | Reached XP level 5. HP: 30/37 MP: 6/8
  4256 | D:4      | Slain by a sky beast

Vault maps used:
D:1:      evilmike_arrival_plus, serial_forest, infiniplex_forest_clump_small,
          infiniplex_forest_straight_2, infiniplex_forest_lined_1,
          infiniplex_forest_clump_medium
D:2:      nrook_mini_vaults
D:3:      gammafunk_temple_overflow_wave, kennysheep_generic_room_5, uniq_ijyb
D:4:      nicolae_overflow_hidden_temple, minmay_temple_entry_glass,
          fedhas_altar_2
Temple:   regret_index_temple_sphere_string

Skill      XL: |  1  2  3  4 |
---------------+-------------+-----
Unarmed Combat | 3 4 |  4.6
Transmutations | 2 3 |  3.0
Fighting       | |  1.0
Dodging        | |  1.7
Spellcasting   | |  2.1
Invocations    | |  0.7

Action                   |  1- 3 |  4- 6 || total
-------------------------+-------+-------++-------
Melee: Unarmed           |   158 |    53 ||   211
       Headbutt          |    12 |     1 ||    13
       Kick              |     4 |     4 ||     8
       Punch             |     2 |     1 ||     3
 Cast: Beastly Appendage |    14 |     5 ||    19
       Sticks to Snakes  |     6 |     1 ||     7
       Spider Form       |       |     2 ||     2
  Use: Scroll            |     5 |     5 ||    10
 Stab: Sleeping          |       |     1 ||     1
  Eat: Chunk             |     6 |     3 ||     9
       Ration            |       |     1 ||     1
Armor: Robe              |    16 |       ||    16
       Leather armour    |    21 |     6 ||    27
Dodge: Dodged            |   103 |    28 ||   131

Table legend:
 A = Spawn XP
 B = Non-spawn XP
 C = Spawn XP percentage of total XP
 D = Spawn monster count
 E = Non-spawn monster count
 F = Spawn count percentage of total count
 G = Total turns spent on level
                    A         B        C        D         E        F      G
               +---------+---------+-------+---------+---------+-------+---------
         Total |       0 |     232 |   0.0 |       0 |      54 |   0.0 |  4256
               +---------+---------+-------+---------+---------+-------+---------
           D:1 |       0 |      38 |   0.0 |       0 |      19 |   0.0 |  1179
           D:2 |       0 |      37 |   0.0 |       0 |      13 |   0.0 |   882
           D:3 |       0 |     106 |   0.0 |       0 |      21 |   0.0 |  1783
           D:4 |       0 |      51 |   0.0 |       0 |       1 |   0.0 |   244
               +---------+---------+-------+---------+---------+-------+---------
